 Dungeon Crawl Stone Soup version 0.21-a0-113-g6841d05 (webtiles) character file.

3397 sugabear the Cleaver (level 10, -18/51 HPs)
             Began as a Vine Stalker Gladiator on July 12, 2017.
             Was a Follower of the Shining One.
             Killed from afar by Pikel (24 damage)
             ... with a wand of lightning (?/15)
             ... on level 7 of the Dungeon.
             The game lasted 00:10:26 (5995 turns).

sugabear the Cleaver (Vine Stalker Gladiator)       Turns: 5995, Time: 00:10:27

Health: -18/51     AC: 10    Str: 19    XL:     10   Next: 4%
Magic:  0/11       EV: 13    Int:  8    God:    the Shining One [*.....]
Gold:   518        SH:  0    Dex: 17    Spells: 9/9 levels left

rFire    . . .     SeeInvis +   F - +5 broad axe
rCold    . . .     Gourm    .   (no shield)
rNeg     + . .     Faith    .   L - +2 ring mail {rPois}
rPois    +         Spirit   +   c - +0 helmet
rElec    .         Reflect  .   (no cloak)
rCorr    .         Harm     .   (no gloves)
MR       +....     Clarity  +   E - +0 pair of boots
Stlth    +.........             (no amulet)
HPRegen  0.57/turn              n - ring of positive energy
MPRegen  0.12/turn              i - ring of see invisible

@: glowing
A: fangs 3, clarity, regeneration 1, magic shield, antimagic bite, no potion
heal 3, rot immunity
a: Renounce Religion


You were on level 7 of the Dungeon.
You worshipped the Shining One.
The Shining One was aware of your devotion.
You were hungry.

You visited 2 branches of the dungeon, and saw 8 of its levels.
You also visited: Sewer.

You collected 518 gold pieces.

Inventory:

Hand Weapons
 o - a +2 dagger of holy wrath
 x - a +1 flail of protection
 y - a +2 whip of venom
 F - a +5 broad axe (weapon)
Missiles
 d - 5 throwing nets (quivered)
Armour
 c - a +0 helmet (worn)
 E - a +0 pair of boots (worn)
 L - a +2 ring mail of poison resistance (worn)
Jewellery
 i - a ring of see invisible (right hand)
 n - a ring of positive energy (left hand)
 u - a +2 ring of intelligence
Wands
 w - a wand of lightning (2/15)
 I - a wand of digging (15/24)
 K - a wand of digging (15/24)
Scrolls
 e - 2 scrolls of identify
 g - a scroll of enchant weapon
 j - 3 scrolls of remove curse
 m - a scroll of fear {unknown}
 p - 3 scrolls of recharging {unknown}
 t - 4 scrolls of blinking {unknown}
 v - 4 scrolls of teleportation {unknown}
 A - a scroll of magic mapping {unknown}
 C - a scroll of random uselessness {unknown}
 G - a scroll of fog {unknown}
Potions
 k - 3 potions of heal wounds {unknown}
 l - a potion of agility {unknown}
 q - 4 potions of mutation {unknown}
 r - 4 potions of might {unknown}
 s - a potion of resistance {unknown}
 z - a potion of haste
 B - a potion of magic {unknown}
 D - 2 potions of flight {unknown}
 H - 2 potions of curing {unknown}
Comestibles
 a - 2 meat rations
 b - a fruit
 f - 4 bread rations
 h - 3 royal jellies


   Skills:
 + Level 5.1 Fighting
 + Level 8.0(8.2) Axes
 + Level 3.0(6.6) Maces & Flails
   Level 4.4(4.9) Staves
 + Level 2.0 Throwing
 + Level 4.4 Armour
 + Level 4.5 Dodging
 + Level 2.5 Stealth
 + Level 0.3 Evocations


You had 9 spell levels left.
You didn't know any spells.

Dungeon Overview and Level Annotations

Branches:
Dungeon (7/15)             Temple (1/1) D:4

Altars:
Ashenzari
Cheibriados
Dithmenos
Elyvilon
Fedhas
Hepliaklqana
Kikubaaqudgha
Makhleb
Nemelex Xobeh
Okawaru
Qazlal
Ru
Sif Muna
Uskayaw
Vehumet
Wu Jian
Xom
Yredelemnul
The Shining One

Annotations:
D:7 Pikel


Innate Abilities, Weirdness & Mutations

You have razor-sharp teeth.
Your natural rate of healing is unusually fast.
When hurt, damage is shared between your health and your magic reserves.
Your bite disrupts and absorbs the magic of your enemies.
Potions cannot restore your health.
You are immune to rotting.
You possess an exceptional clarity of mind.


Message History

That felt strangely unrewarding.
You hit Pikel but do no damage. Pikel hits you but does no damage.
You slash Pikel! You bite Pikel, but do no damage.
Pikel is moderately wounded.
You barely miss the slave. The slave closely misses you.
Pikel hits you with a whip of flaming. Pikel burns you.
The slave hits you but does no damage. The slave closely misses you.
You hit Pikel but do no damage.
Pikel is moderately wounded.
You hit the slave. You slash the slave! Pikel hits you with a whip of flaming.
Pikel burns you. The slave hits you. x2
You are too injured to fight recklessly!
Pikel zaps a wand.
The bolt of lightning misses you. x2
It is a wand of lightning (?/15).
You slash Pikel! Your bite misses Pikel.
Pikel is heavily wounded.
Pikel zaps a wand.
The bolt of lightning hits you!
* * * LOW HITPOINT WARNING * * *
Pikel zaps a wand.
The bolt of lightning hits you!
You die...

#%# #.#
#.# #.##
#..# ##.#
#.# #.# #
#@# .#
#K##$##
#p#..>####
#pp.p.....
###[..###.
#......
#####.


You could see Pikel and 3 slaves.

Vanquished Creatures
  The ghost of fooot the Archer, a novice CeHu of Okawaru (D:7)
  Joseph (D:7)
  2 ice beasts (D:6)
  A slave (D:7)
  A sky beast (D:7)
  4 ogres
  2 centaurs
  A big kobold (Sewer)
  Blork the orc (D:4)
  4 bullfrogs
  2 scorpions
  4 killer bees (D:7)
  A quasit (D:5)
  3 hounds
  3 gnoll shamans (D:6)
  A bullfrog skeleton (D:5)
  2 centaur skeletons
  2 iguanas
  3 orc wizards
  3 worker ants
  A hound zombie (D:5)
  29 gnolls (D:6)
  5 adders
  A river rat (D:3)
  A shadow imp (D:6)
  An ooze (Sewer)
  An adder zombie (D:6)
  3 dart slugs
  5 leopard geckos
  15 orcs
  4 ball pythons
  3 giant cockroaches
  3 goblins
  13 hobgoblins
  22 jackals
  A quokka (D:3)
  6 bats
  2 frilled lizards
  16 kobolds
  A leopard gecko zombie (D:5)
  11 rats
186 creatures vanquished.

Vanquished Creatures (others)
  An orc wizard (D:3)
1 creature vanquished.

Grand Total: 187 creatures vanquished

Notes
Turn   | Place    | Note
-------+----------+-------------------------------------------
     0 | D:1      | sugabear the Vine Stalker Gladiator began the quest for the Orb.
     0 | D:1      | Reached XP level 1. HP: 11/11 MP: 2/2
    40 | D:1      | Reached XP level 2. HP: 9/15 MP: 3/3
   630 | D:2      | Reached XP level 3. HP: 18/18 MP: 4/4
  1296 | D:3      | Gained mutation: Your natural rate of healing is unusually fast. [Vine Stalker growth]
  1296 | D:3      | Reached XP level 4. HP: 19/23 MP: 5/5
  1358 | D:3      | Reached skill level 1 in Stealth
  1380 | D:3      | Reached XP level 5. HP: 15/26 MP: 4/6
  1396 | D:3      | Found a glowing drain.
  1402 | Sewer    | Entered a sewer
  1542 | Sewer    | Noticed a big kobold
  1555 | Sewer    | Killed a big kobold
  1555 | Sewer    | Reached skill level 1 in Maces & Flails
  1555 | Sewer    | Reached skill level 1 in Armour
  1656 | Sewer    | Reached XP level 6. HP: 31/32 MP: 7/7
  1889 | D:3      | Found a blossoming altar of Fedhas.
  2099 | D:3      | Found a white marble altar of Elyvilon.
  2174 | D:4      | Noticed Blork the orc
  2184 | D:4      | Killed Blork the orc
  2355 | D:4      | Reached XP level 7. HP: 35/35 MP: 8/8
  2385 | D:4      | Found a basalt altar of Yredelemnul.
  2590 | D:4      | Found a staircase to the Ecumenical Temple.
  2641 | D:4      | Got a warped war axe
  2642 | D:4      | Identified the cursed +1 war axe of Skirmishing {chop, rF- Int+5} (You found it on level 4 of the Dungeon)
  2655 | D:4      | Found a shattered altar of Ashenzari.
  3123 | D:5      | Entered Level 5 of the Dungeon
  3219 | D:5      | Found an iron altar of Okawaru.
  3274 | D:5      | Reached skill level 1 in Axes
  3344 | D:5      | Found a deep blue altar of Sif Muna.
  3344 | D:5      | Found an ornate altar of the Wu Jian Council.
  3444 | D:5      | Reached skill level 2 in Axes
  3798 | D:6      | Found an ancient bone altar of Kikubaaqudgha.
  3816 | D:6      | Gained mutation: You have razor-sharp teeth. [Vine Stalker growth]
  3816 | D:6      | Reached XP level 8. HP: 25/40 MP: 7/9
  3861 | D:6      | Reached skill level 3 in Axes
  4130 | Temple   | Entered the Ecumenical Temple
  4328 | Temple   | Became a worshipper of the Shining One
  4453 | D:6      | Reached skill level 4 in Axes
  4645 | D:6      | Reached skill level 5 in Axes
  4895 | D:6      | Reached XP level 9. HP: 37/46 MP: 7/10
  5128 | D:6      | Reached * piety under the Shining One
  5422 | D:7      | Noticed fooot's ghost (novice CeHu)
  5437 | D:7      | Killed fooot's ghost
  5437 | D:7      | Reached skill level 7 in Axes
  5443 | D:7      | Noticed Joseph
  5443 | D:7      | The Shining One protects you from harm!
  5557 | D:7      | Killed Joseph
  5557 | D:7      | Reached skill level 5 in Fighting
  5836 | D:7      | Reached XP level 10. HP: 37/51 MP: 9/11
  5966 | D:7      | Reached skill level 8 in Axes
  5970 | D:7      | Gained mutation: You possess an exceptional clarity of mind. [mutagenic meat]
  5981 | D:7      | Noticed Pikel
  5995 | D:7      | Killed from afar by Pikel

Vault maps used:
D:1:      mrwooster_arrival_statue
D:2:      first_bread
D:3:      lemuel_round_altar, lemuel_round_altar, gup_sewer_entry_bubbles,
          grunt_decor_arrowhead
D:4:      yredelemnul_altar_generic, lemuel_doored_altar, temple_fountains,
          grunt_decor_clamped, uniq_blork_the_orc
D:5:      kennysheep_okawaru_gauntlet, grunt_temple_overflow_open
D:6:      lemuel_castle_with_subvaults, basic_altar
D:7:      uniq_menkaure, uniq_pikel, uniq_joseph
Temple:   minmay_temple_bridge_abc
Sewer:    sewer_co_15_rooms

Skill      XL: |  1  2  3  4  5  6  7  8  9 10 |
---------------+-------------------------------+-----
Staves         | 3 4 |  4.4
Fighting       | 2 3 4 5 |  5.1
Throwing       | 2 |  2.0
Stealth        | 1 2 |  2.5
Maces & Flails | 1 2 3 |  3.0
Armour         | 1 2 3 4 |  4.4
Dodging        | 3 4 |  4.5
Axes           | 2 5 7 8 |  8.0
Evocations     | |  0.3

Action                   |  1- 3 |  4- 6 |  7- 9 | 10-12 || total
-------------------------+-------+-------+-------+-------++-------
Melee: Quarterstaff      |   105 |    35 |       |       ||   140
       Bite              |    21 |    53 |    80 |     4 ||   158
       Flail             |       |   142 |       |       ||   142
       War axe           |       |       |    80 |       ||    80
       Broad axe         |       |       |   200 |    15 ||   215
Throw: Throwing net      |       |       |     1 |       ||     1
Evoke: Wand              |       |       |     1 |       ||     1
  Use: Scroll            |       |       |     3 |       ||     3
 Stab: Sleeping          |     1 |       |     2 |       ||     3
  Eat: Chunk             |     1 |     4 |    12 |     1 ||    18
Armor: Leather armour    |     7 |       |       |       ||     7
       Ring mail         |    29 |    62 |   123 |     7 ||   221
Dodge: Dodged            |    76 |   115 |   275 |    14 ||   480
